 Dungeon Crawl Stone Soup version 0.29.0-4-gdea44cf6ec (webtiles) character file.

Game seed: 5661123047459237560

528 qw the Chopper (level 7, 0/41 HPs)
             Began as a Tengu Warper on Aug 28, 2022.
             Slain by an ogre
             ... wielding a +0 giant club
              (17 damage)
             ... on level 5 of the Dungeon.
             The game lasted 00:00:28 (5977 turns).

qw the Chopper (Tengu Warper)                       Turns: 5977, Time: 00:00:29

Health: 0/41       AC:  9    Str: 13    XL:     7   Next: 23%
Magic:  11/11      EV:  7    Int: 13    God:
Gold:   221        SH:  5    Dex: 20    Spells: 10/10 levels left

rFire   . . .      SeeInvis .   Y - +1 war axe (venom)
rCold   . . .      Faith    .   o - +0 buckler
rNeg    . . .      Spirit   .   a - +0 chain mail
rPois   .          Reflect  .   (helmet restricted)
rElec   .          Harm     .   (no cloak)
rCorr   .          Rampage  .   j - +0 pair of gloves
Will    +....                   (boots unavailable)
Stlth   ..........              (no amulet)
HPRegen 0.13/turn               d - +6 ring of dexterity
MPRegen 0.12/turn               h - ring of willpower

@: flying quickly and evasively, quick
A: beak, talons 3, nimble flight
a: no special abilities


You were on level 5 of the Dungeon.
You visited 1 branch of the dungeon, and saw 5 of its levels.

You collected 311 gold pieces.
You spent 90 gold pieces at shops.


Innate Abilities, Weirdness & Mutations

You have a beak for a mouth.
You have claws for feet.
Your magical nature lets you fly swiftly and evasively.


   Skills:
 - Level 3.0 Fighting
 + Level 7.1 Axes
 - Level 1.0 Throwing
 - Level 2.1 Armour
 - Level 2.3 Dodging
 - Level 2.2 Shields
 - Level 2.0 Spellcasting
 - Level 2.4 Translocations


You had 10 spell levels left.
You didn't know any spells.
Your spell library contained the following spells:

 Spells                   Type           Power      Damage    Failure   Level
 Blink                    Tloc           14%        N/A       99%         2
 Gell's Gravitas          Tloc           7%         N/A       100%        3
 Lesser Beckoning         Tloc           7%         N/A       100%        3
 Teleport Other           Tloc           7%         N/A       100%        3
 Manifold Assault         Tloc           7%         N/A       100%        5

Inventory:

Hand Weapons
 e - a +0 flail
 Y - a +1 war axe of venom (weapon)
Armour
 a - a +0 chain mail (worn)
 f - a +0 chain mail of poison resistance
 j - a +0 pair of gloves (worn)
 o - a +0 buckler (worn)
Jewellery
 d - a +6 ring of dexterity (left hand)
 h - a ring of willpower (right hand)
Scrolls
 k - a scroll of identify
Potions
 b - a potion of brilliance {unknown}
 c - a potion of resistance
 i - 4 potions of curing
 l - a potion of heal wounds
 m - a potion of haste
 n - 3 potions of might

Dungeon Overview and Level Annotations

Branches:
Dungeon (5/15)
 Temple: D:4-7

Altars:
Kikubaaqudgha
Qazlal
Ru
Zin
The Shining One

Annotations:
D:2 1 runed translucent door, Crazy Yiuf


Message History

You hit the howler monkey.
The howler monkey looks as sick as possible!
The howler monkey is almost dead.
You kill the howler monkey!
Things that are here:
a +0 hand axe; a howler monkey corpse An orc comes into view.
It is wielding a +0 dagger.
5969 ||| Stepping ~*~*~tactically~*~*~ (stealth).
Things that are here:
a +0 hand axe; a howler monkey corpse
5970 ||| Stepping ~*~*~tactically~*~*~ (stealth).
An ogre, an orc wizard and an orc priest come into view.
The ogre shouts!
The orc wizard shouts!
You hear a shout!
You closely miss the orc priest. You claw the orc priest!
You peck the orc priest, but do no damage.
The orc priest is heavily wounded.
The orc priest hits you with a +0 war axe.
You slash the orc priest!
The orc priest is poisoned.
You peck the orc priest.
You kill the orc priest!
Your Shields skill increases to level 2!
You hit the ogre.
The ogre is poisoned.
Your kick misses the ogre. You peck the ogre, but do no damage.
The ogre is lightly wounded.
The orc wizard casts a spell.
The orc wizard flickers and vanishes!
Deactivating autopickup; reactivate with Ctrl-A.
An orc wizard comes into view. It is wielding a +0 dagger.
You block the ogre's attack.
You closely miss the ogre.
The ogre is lightly wounded.
The ogre hits you with a +0 giant club!!
Ouch! That really hurt!
You barely miss the ogre. Your peck misses the ogre.
The ogre is lightly wounded.
The orc wizard mumbles some strange words.
The orc wizard flickers and vanishes!
The ogre closely misses you.
You slash the ogre!
The ogre looks as sick as possible!
You claw the ogre.
The ogre is severely wounded.
The ogre hits you with a +0 giant club!
You die...

....##
##....###.
.##..###.#####
. #.#.#.##
#.##.##
###.########
............ #
###.########
####.###
#.#####
#.O{...#
#.....# #@#
#####.##### #.#
#
#.....####)##.#
#####.##.....o#
#.##.###..#
#....# ..#
####.# ..# #...
..# ######.#


You could see an ogre (extremely poisoned).

Vanquished Creatures
  A necrophage (D:4)
  A howler monkey (D:5)
  3 vampire bats (D:4)
  A jelly (D:4)
  An orc priest (D:5)
  2 iguanas
  3 gnolls (D:3)
  6 adders
  4 worms
  4 dart slugs
  7 orcs
  5 bats
  A bat skeleton (D:4)
  3 bat zombies (D:4)
  6 endoplasms
  2 giant cockroaches
  7 goblins
  5 hobgoblins
  5 jackals
  4 quokkas
  3 ball pythons
  A frilled lizard (D:1)
  7 kobolds
  7 rats
89 creatures vanquished.

Notes
Turn   | Place    | Note
-------+----------+-------------------------------------------
     0 | D:1      | qw the Tengu Warper began the quest for the Orb.
     0 | D:1      | Reached XP level 1. HP: 12/12 MP: 4/4
     0 | D:1      | 0 ||| qw: Version: 0.1-a-89-g26bdef1
     0 | D:1      | 0 ||| qw: Game counter: 1270
     0 | D:1      | 0 ||| qw: Always use a shield: true
     0 | D:1      | 0 ||| qw: God list: Okawaru
     0 | D:1      | 0 ||| qw: Allow faded altars: false
     0 | D:1      | 0 ||| qw: Do Orc after D:15 true
     0 | D:1      | 0 ||| qw: Do second Lair branch before Depths: true
     0 | D:1      | 0 ||| qw: Lair rune preference: random
     0 | D:1      | 0 ||| qw: Plans: Normal
     0 | D:1      | 0 ||| PLANNING D:1-11
   231 | D:1      | Reached skill level 3 in Axes
   231 | D:1      | Reached XP level 2. HP: 17/17 MP: 6/6
   391 | D:1      | 391 ||| Stepping ~*~*~tactically~*~*~ (hiding).
   392 | D:1      | 392 ||| Stepping ~*~*~tactically~*~*~ (hiding).
  1390 | D:1      | 1390 ||| UPGRADING to +0 ring mail.
  1400 | D:1      | 1400 ||| DROPPING +0 leather armour.
  1401 | D:1      | 1401 ||| UPGRADING to +0 pair of gloves.
  1406 | D:1      | 1406 ||| DROPPING amulet of magic regeneration.
  1407 | D:1      | 1407 ||| UPGRADING to +6 ring of dexterity.
  1408 | D:1      | 1408 ||| READING scroll labelled QOUXIOVYTH.
  1409 | D:1      | 1409 ||| DRINKING 2 glowing emerald potions.
  1410 | D:1      | 1410 ||| DRINKING 2 brown potions.
  1411 | D:1      | 1411 ||| DROPPING scroll of blinking.
  1469 | D:2      | Reached XP level 3. HP: 21/21 MP: 7/7
  1656 | D:2      | Reached skill level 4 in Axes
  1839 | D:2      | 1839 ||| Stepping ~*~*~tactically~*~*~ (stealth).
  1892 | D:2      | Found a faded altar of an unknown god.
  1910 | D:2      | 1910 ||| Stepping ~*~*~tactically~*~*~ (stealth).
  1912 | D:2      | 1912 ||| Stepping ~*~*~tactically~*~*~ (stealth).
  1996 | D:2      | Found a runed translucent door.
  1997 | D:2      | Noticed Crazy Yiuf
  2110 | D:2      | 2110 ||| Stepping ~*~*~tactically~*~*~ (stealth).
  2113 | D:2      | 2113 ||| Stepping ~*~*~tactically~*~*~ (stealth).
  2114 | D:2      | 2114 ||| Stepping ~*~*~tactically~*~*~ (stealth).
  2164 | D:2      | 2164 ||| Stepping ~*~*~tactically~*~*~ (stealth).
  2176 | D:2      | 2176 ||| Stepping ~*~*~tactically~*~*~ (hiding).
  2286 | D:2      | 2286 ||| Stepping ~*~*~tactically~*~*~ (stealth).
  2300 | D:2      | Reached XP level 4. HP: 26/26 MP: 8/8
  2316 | D:2      | Found a glowing golden altar of the Shining One.
  2545 | D:2      | 2545 ||| Stepping ~*~*~tactically~*~*~ (hiding).
  2647 | D:2      | 2647 ||| Stepping ~*~*~tactically~*~*~ (hiding).
  2993 | D:2      | 2993 ||| READING scroll labelled GOBBOI RUINKOS.
  2994 | D:2      | 2994 ||| READING scroll labelled COSAAFUEBI.
  2995 | D:2      | 2995 ||| DRINKING 3 pink potions.
  2996 | D:2      | 2996 ||| DRINKING 2 viscous pink potions.
  2997 | D:2      | 2997 ||| DRINKING 2 bubbling brown potions.
  2998 | D:2      | 2998 ||| DROPPING 2 potions of magic.
  2999 | D:2      | 2999 ||| Stepping randomly (stuck).
  3000 | D:2      | 3000 ||| Stepping ~*~*~tactically~*~*~ (cloud).
  3009 | D:2      | HP: 6/26 [poisoned by you (poison gas)]
  3389 | D:3      | Reached skill level 5 in Axes
  3482 | D:3      | 3482 ||| Stepping ~*~*~tactically~*~*~ (hiding).
  3592 | D:3      | Identified the +5 trident of the Dark Horse {protect, rN+
                  | Str-3 Stlth+}
  3686 | D:3      | 3686 ||| Stepping ~*~*~tactically~*~*~ (stealth).
  3692 | D:3      | 3692 ||| Stepping ~*~*~tactically~*~*~ (stealth).
  3702 | D:3      | 3702 ||| Stepping ~*~*~tactically~*~*~ (stealth).
  3893 | D:3      | Gained mutation: Your magical nature lets you fly swiftly
                  | and evasively. [Tengu growth]
  3893 | D:3      | Reached XP level 5. HP: 28/30 MP: 9/9
  3914 | D:3      | 3914 ||| Stepping ~*~*~tactically~*~*~ (stealth).
  4030 | D:3      | 4030 ||| DROPPING +0 whip.
  4054 | D:3      | Reached skill level 6 in Axes
  4321 | D:3      | Found a sacrificial altar of Ru.
  4425 | D:3      | 4425 ||| UPGRADING to +0 chain mail.
  4435 | D:3      | 4435 ||| DROPPING +0 ring mail.
  4436 | D:3      | 4436 ||| READING scroll labelled UCRISA OMPATO.
  4463 | D:4      | 4463 ||| PLANNING SEWER
  4469 | D:4      | 4469 ||| FLEEEEING.
  4470 | D:4      | 4470 ||| FLEEEEING.
  4471 | D:4      | 4471 ||| STAIRDANCE
  4478 | D:3      | HP: 7/30 [poisoned by a kobold]
  4710 | D:4      | Found a stormy altar of Qazlal.
  4874 | D:4      | HP: 7/30 [jelly (3)]
  4874 | D:4      | HP: 1/30 [acid (6)]
  4875 | D:4      | 4875 ||| DRINKING 2 potions of heal wounds.
  4939 | D:4      | 4939 ||| Stepping ~*~*~tactically~*~*~ (stealth).
  4943 | D:4      | 4943 ||| Stepping ~*~*~tactically~*~*~ (stealth).
  4961 | D:4      | Found Zin's Purification Station.
  4967 | D:4      | Found a glowing silver altar of Zin.
  4970 | D:4      | 4970 ||| BUYING potion of curing (90 gold).
  4970 | D:4      | Bought a potion of curing for 90 gold pieces
  5058 | D:4      | Reached XP level 6. HP: 33/35 MP: 10/10
  5090 | D:4      | 5090 ||| SWAPPING to +1 war axe of venom.
  5091 | D:4      | 5091 ||| DROPPING +0 hand axe.
  5197 | D:4      | Found an ancient bone altar of Kikubaaqudgha.
  5211 | D:4      | 5211 ||| RIP SEWER
  5248 | D:4      | 5248 ||| PLANNING D:1-11
  5254 | D:4      | Reached skill level 7 in Axes
  5583 | D:4      | 5583 ||| UPGRADING to +0 buckler.
  5588 | D:4      | 5588 ||| UPGRADING to ring of willpower.
  5589 | D:4      | 5589 ||| READING scroll labelled NAITTU XETY.
  5590 | D:4      | 5590 ||| READING scroll labelled VIMUVV WISU.
  5591 | D:4      | 5591 ||| DRINKING 2 lumpy cyan potions.
  5641 | D:5      | Entered Level 5 of the Dungeon
  5710 | D:5      | 5710 ||| Stepping ~*~*~tactically~*~*~ (stealth).
  5719 | D:5      | Reached skill level 1 in Shields
  5719 | D:5      | Reached XP level 7. HP: 28/40 MP: 11/11
  5819 | D:5      | 5819 ||| Stepping ~*~*~tactically~*~*~ (stealth).
  5917 | D:5      | Reached skill level 3 in Fighting
  5969 | D:5      | 5969 ||| Stepping ~*~*~tactically~*~*~ (stealth).
  5970 | D:5      | 5970 ||| Stepping ~*~*~tactically~*~*~ (stealth).
  5977 | D:5      | Slain by an ogre

Levels and vault maps discovered:
D:1:      elethiomel_arrival_infinity_welcomes_careful_drivers, layout_basic,
          chequers_serial_rivers_room_b, minmay_tetromino_s2
D:2:      minmay_door_path, layout_loops_ring, basic_altar,
          hellmonk_ecumenical_altar_crossroads, minmay_split_cup_small,
          uniq_crazy_yiuf_cottage
D:3:      layout_basic, general_overflow_altar, grunt_ministairs_12,
          dk_noncrumbling_3, amethyst_killhole
D:4:      layout_loops_ring, nicolae_qazlal_scattered_showers, zin_purify,
          kennysheep_vampire_church, portal_sewer_entry_e
D:5:      layout_loops_ring, minmay_temple_entry_glassed_door,
          gammafunk_ghost_necromancy, uniq_sigmund

Skill      XL: |  1  2  3  4  5  6  7 |
---------------+----------------------+-----
Axes           | 3 4 5 6 7 |  7.1
Armour         | 2 |  2.1
Shields        | 1 2 |  2.2
Fighting       | 3 |  3.0
Throwing       | |  1.0
Dodging        | |  2.3
Spellcasting   | |  2.0
Translocations | |  2.4

Action                   |  1- 3 |  4- 6 |  7- 9 || total
-------------------------+-------+-------+-------++-------
Melee: Hand axe          |    86 |   114 |       ||   200
       Kick              |    20 |    39 |     5 ||    64
       Peck              |    10 |    22 |     6 ||    38
       Punch             |       |     2 |       ||     2
       War axe           |       |    27 |    18 ||    45
Throw: Boomerang         |     7 |       |       ||     7
  Use: Potion            |     2 |     5 |       ||     7
       Scroll            |     1 |     5 |       ||     6
Armor: Leather armour    |    10 |       |       ||    10
       Ring mail         |    12 |    22 |       ||    34
       Chain mail        |       |    32 |     2 ||    34
Dodge: Dodged            |    48 |    75 |     6 ||   129
Block: Buckler           |       |       |     5 ||     5

Table legend:
 A = Non-vault XP
 B = Vault XP
 C = Vault XP percentage of total XP
 D = Non-vault monster count
 E = Vault monster count
 F = Vault count percentage of total count
                 A         B        C        D         E       F
            +---------+---------+-------+---------+---------+-------
      Total |     517 |     238 |  31.5 |      74 |      15 |  16.9
            +---------+---------+-------+---------+---------+-------
        D:1 |      29 |       2 |   6.5 |      16 |       1 |   5.9
        D:2 |      48 |      32 |  40.0 |      23 |       5 |  17.9
        D:3 |      96 |      27 |  22.0 |      17 |       2 |  10.5
        D:4 |     182 |     177 |  49.3 |      11 |       7 |  38.9
        D:5 |     162 |       0 |   0.0 |       7 |       0 |   0.0
            +---------+---------+-------+---------+---------+-------
